 Dungeon Crawl Stone Soup version 0.24-a0-507-g3e8b242632 (webtiles) character file.

Game seed: 10176459917146004775

571173 Torikoriko the Slayer (level 25, -2/159 HPs)
             Began as a Vampire Berserker on July 18, 2019.
             Was a High Priest of Trog.
             Slain by a jiangshi (20 damage)
             ... on level 3 of the Crypt on July 19, 2019.
             The game lasted 04:30:02 (90825 turns).

Torikoriko the Slayer (Vampire Berserker)          Turns: 90825, Time: 04:30:02

Health: -2/159     AC:  0    Str: 18 (20) XL:     25   Next: 64%
Magic:  8/29       EV: 40    Int: 12 (14) God:    Trog [*****.]
Gold:   5790       SH:  0    Dex: 20 (22) Spells: 24/24 levels left

rFire    . . .     SeeInvis +   (weapon currently unavailable)
rCold    + + .     Gourm    .   (shield currently unavailable)
rNeg     + + +     Faith    +   (armour currently unavailable)
rPois    ∞         Spirit   .   (helmet currently unavailable)
rElec    .         Reflect  .   (cloak currently unavailable)
rCorr    .         Harm     .   (gloves currently unavailable)
MR       ++++.                  (boots currently unavailable)
Stlth    ++++++++++             F - amulet of faith
HPRegen  1.00/turn              (ring currently unavailable)
MPRegen  0.21/turn              (ring currently unavailable)

@: bat-form, flying, very slightly contaminated, bloodless, regenerating, very
quick
A: tiny, no food, fangs 3, see invisible, frail 1
}: 3/15 runes: serpentine, barnacled, silver
a: Revivify, End Transformation, Berserk, Trog's Hand, Brothers in Arms,
Renounce Religion


You were on level 3 of the Crypt.
You worshipped Trog.
Trog was extremely pleased with you.
You were bloodless.
You were in vampire-bat-form.
You visited 9 branches of the dungeon, and saw 47 of its levels.
You visited 2 bazaars.
You also visited: Gauntlet and Ice Cave.

You collected 9888 gold pieces.
You spent 4098 gold pieces at shops.

Inventory:

Hand Weapons
 a - a +9 antimagic demon blade (melded)
 b - a +7 quick blade
 w - the +8 storm bow {elec, penet}
   (You bought it in a shop on level 1 of the Elven Halls)

   It charges the ammunition it shoots with electricity; occasionally upon a
   hit, such missiles may discharge and cause terrible harm.
   Ammo fired by it will pass through the targets it hits, potentially hitting
   all targets in its path until it reaches maximum range.
 y - a +1 triple sword of freezing
Missiles
 d - 12 poisoned darts
 m - 7 throwing nets {!f}
 p - 2 datura-tipped darts
 T - 32 boomerangs (quivered)
 W - 24 atropa-tipped darts {!f}
 X - 359 arrows
Armour
 l - +8 fire dragon scales (melded)
 A - the +2 cloak of the Endless Expanse (melded) {rPois rC+ Str+2 Dex+4}
   (You bought it in a shop on level 4 of the Depths)

   It affects your strength (+2).
   It affects your dexterity (+4).
   It protects you from cold.
   It protects you from poison.
 B - the +0 pair of gloves "Inan" (melded) {MR+++ Regen+ rCorr Stlth-}
   (You found it on level 4 of the Shoals)

   It affects your resistance to hostile enchantments.
   It increases your rate of regeneration.
   It provides partial protection from all sources of acid and corrosion.
   It makes you less stealthy.
 E - a +2 pair of boots of running (melded)
 G - a +2 hat (melded)
 N - a +3 buckler
Jewellery
 F - an amulet of faith (around neck)
 I - an uncursed ring of stealth
 M - a +5 ring of slaying (melded)
 P - the ring "Kiyru" (melded) {+Fly rElec rF+ Str+2 Dex+2}
   (You took it off a deep elf death mage on level 3 of the Elven Halls)

   [ring of flight]

   It affects your strength (+2).
   It affects your dexterity (+2).
   It protects you from fire.
   It insulates you from electricity.
   It lets you fly.
Wands
 t - a wand of paralysis (18)
 x - a wand of flame (77)
 L - a wand of acid (23)
 O - a wand of digging (9)
 S - a wand of iceblast (10)
Scrolls
 c - 3 scrolls of enchant weapon
 h - a scroll of summoning
 k - 20 scrolls of remove curse
 q - 5 scrolls of fear
 r - 23 scrolls of identify
 s - 22 scrolls of teleportation
 v - 3 scrolls of blinking
 C - 12 scrolls of immolation
 J - 2 scrolls of enchant armour
 K - 2 scrolls of magic mapping
 Y - 11 scrolls of fog
Potions
 e - 4 potions of heal wounds
 f - 20 potions of curing
 g - a potion of cancellation
 i - 5 potions of might
 j - 5 potions of mutation
 o - 9 potions of brilliance
 u - 9 potions of magic
 z - 5 potions of ambrosia
 D - 9 potions of flight
 H - a potion of resistance
 Q - a potion of invisibility
 V - 4 potions of haste
 Z - 5 potions of agility
Miscellaneous
 n - a lamp of fire
 R - 2 phantom mirrors
 U - 3 boxes of beasts


   Skills:
 - Level 25.4 Fighting
 - Level 10.0(13.1) Short Blades
 - Level 13.0(14.0) Long Blades
 * Level 11.4 Bows
 - Level 6.0 Throwing
 - Level 11.0 Armour
 - Level 21.3 Dodging
 - Level 25.3 Stealth
 - Level 4.1 Shields
 - Level 8.0 Evocations


You had 24 spell levels left.
You didn't know any spells.
Your spell library contained the following spells:

 Spells                   Type           Power        Failure   Level  Hunger
 Apportation              Tloc           #.....       32%         1    N/A
 Beastly Appendage        Tmut           #.....       32%         1    N/A
 Confusing Touch          Hex            #.....       32%         1    N/A
 Flame Tongue             Conj/Fire      #....        32%         1    N/A
 Freeze                   Ice            #...         32%         1    N/A
 Magic Dart               Conj           #...         32%         1    N/A
 Pain                     Necr           #...         32%         1    N/A
 Sandblast                Erth           #.....       32%         1    N/A
 Shock                    Conj/Air       #...         32%         1    N/A
 Sting                    Conj/Pois      #...         32%         1    N/A
 Summon Butterflies       Summ           #.......     32%         1    N/A
 Summon Small Mammal      Summ           #...         32%         1    N/A
 Call Imp                 Summ           #.......     45%         2    N/A
 Corpse Rot               Necr           N/A          45%         2    N/A
 Ensorcelled Hibernation  Hex/Ice        #.....       45%         2    N/A
 Passwall                 Tmut/Erth      #.......     45%         2    N/A
 Poisonous Vapours        Pois/Air       #.....       45%         2    N/A
 Searing Ray              Conj           #.....       45%         2    N/A
 Sticks to Snakes         Tmut           #.......     45%         2    N/A
 Sublimation of Blood     Necr           #.........   45%         2    N/A
 Swiftness                Chrm/Air       #.......     45%         2    N/A
 Throw Flame              Conj/Fire      #.....       45%         2    N/A
 Throw Frost              Conj/Ice       #.....       45%         2    N/A
 Call Canine Familiar     Summ           #.......     69%         3    N/A
 Confuse                  Hex            #.......     69%         3    N/A
 Dazzling Spray           Conj/Hex       #.....       69%         3    N/A
 Gell's Gravitas          Tloc           #.........   69%         3    N/A
 Ignite Poison            Fire/Tmut/Pois #.......     69%         3    N/A
 Lesser Beckoning         Tloc           #.........   69%         3    N/A
 Mephitic Cloud           Conj/Pois/Air  #.......     69%         3    N/A
 Recall                   Summ/Tloc      N/A          69%         3    N/A
 Spider Form              Tmut/Pois      #.........   69%         3    N/A
 Static Discharge         Conj/Air       #.......     69%         3    N/A
 Stone Arrow              Conj/Erth      #.....       69%         3    N/A
 Summon Guardian Golem    Hex/Summ       #.......     69%         3    N/A
 Tukima's Dance           Hex            #.......     69%         3    N/A
 Vampiric Draining        Necr           #.........   69%         3    N/A
 Airstrike                Air            #.........   97%         4    N/A
 Animate Dead             Necr           N/A          97%         4    N/A
 Force Lance              Conj/Tloc      #.......     97%         4    N/A
 Fulminant Prism          Conj/Hex       #.........   97%         4    N/A
 Ice Form                 Ice/Tmut       #.......     97%         4    N/A
 Iskenderun's Mystic Bla  Conj           #.......     97%         4    N/A
 Leda's Liquefaction      Hex/Erth       #.........   97%         4    N/A
 Olgreb's Toxic Radiance  Pois           #.......     97%         4    N/A
 Petrify                  Tmut/Erth      #.......     97%         4    N/A
 Summon Ice Beast         Ice/Summ       #.......     97%         4    N/A
 Summon Lightning Spire   Summ/Air       #.......     97%         4    N/A
 Throw Icicle             Conj/Ice       #.......     97%         4    N/A
 Agony                    Necr           #.......     100%        5    N/A
 Alistair's Intoxication  Tmut/Pois      #.......     100%        5    N/A
 Aura of Abjuration       Summ           #.........   100%        5    N/A
 Blade Hands              Tmut           #.........   100%        5    N/A
 Bolt of Draining         Conj/Necr      #.........   100%        5    N/A
 Borgnjor's Vile Clutch   Necr/Erth      #.........   100%        5    N/A
 Lee's Rapid Deconstruct  Erth           #.........   100%        5    N/A
 Lightning Bolt           Conj/Air       #.........   100%        5    N/A
 Metabolic Englaciation   Hex/Ice        #.........   100%        5    N/A
 Silence                  Hex/Air        #.........   100%        5    N/A
 Summon Forest            Summ/Tloc      #.........   100%        5    N/A
 Venom Bolt               Conj/Pois      #.........   100%        5    N/A
 Yara's Violent Unravell  Hex/Tmut       #.........   100%        5    N/A
 Bolt of Cold             Conj/Ice       #.........   100%        6    N/A
 Bolt of Fire             Conj/Fire      #.........   100%        6    N/A
 Darkness                 Hex            #.........   100%        6    N/A
 Freezing Cloud           Conj/Ice/Air   #.........   100%        6    N/A
 Hydra Form               Tmut           #.........   100%        6    N/A
 Invisibility             Hex            #.......     100%        6    N/A
 Ozocubu's Refrigeration  Ice            #.........   100%        6    N/A
 Shadow Creatures         Summ           N/A          100%        6    N/A
 Simulacrum               Ice/Necr       #.........   100%        6    N/A
 Ring of Flames           Chrm/Fire      #.........   100%        7    N/A
 Summon Hydra             Summ           #.........   100%        7    N/A
 Dragon's Call            Summ           #.........   100%        9    N/A

Dungeon Overview and Level Annotations

Branches:
Dungeon (15/15)            Temple (0/1) D:4            Lair (6/6) D:10
 Shoals (4/4) Lair:4        Snake (4/4) Lair:3        Slime (0/5) Lair:5
    Orc (2/2) D:11            Elf (3/3) Orc:2        Vaults (5/5) D:14
  Crypt (3/3) Vaults:2       Tomb (0/3) Crypt:3      Depths (5/5) D:15
    Zot (0/5) Depths:5

Altars:
Ashenzari
Fedhas
Gozag
Makhleb
Nemelex Xobeh
Qazlal
Ru
Wu Jian
Yredelemnul
The Shining One
Beogh
Lugonu

Shops:
D:4 %:   Orc:1 (   Orc:2 :(*!   Elf:1 *   Elf:2 [   Shoals:1 :   Snake:4 %
Vaults:3 !   Depths:3 [   Depths:4 **[}=}

Portals:
Hell: Depths:1 Depths:2 Depths:3 Depths:4 Depths:5
Abyss: Depths:1 Depths:3 Depths:4
Pandemonium: Orc:2 Depths:3 Depths:4
Ziggurat: Depths:1
Trove: D:12 (show slimy rune of Zot)

Annotations:
D:5 2 transporters, Mithandil's ghost, novice DECj
D:13 3 runed translucent doors, marsu's ghost, adept NaTm
Shoals:3 2 transporters, Vulo's ghost, adept OpEE
Elf:3 2 runed translucent doors, jeroenos's ghost, adept DsFi
Vaults:2 Mennas
Crypt:2 3 runed translucent doors
Depths:5 exclusion: upstairs


Innate Abilities, Weirdness & Mutations

You do not eat.
You do not regenerate when monsters are visible.
You are frail without blood (-20% HP).
You are immune to poison.
You have razor-sharp teeth.
You have supernaturally acute eyesight. (SInv)
((You can survive without breathing.))
You are frail. (-10% HP)


Message History

The +2 cloak of the Endless Expanse {rPois rC+ Str+2 Dex+4} melds into your body.
Your +2 hat melds into your body.
The +0 pair of gloves "Inan" {MR+++ Regen+ rCorr Stlth-} melds into your body.
Your +2 pair of boots of running melds into your body.
Your +8 fire dragon scales melds into your body.
The ring "Kiyru" {+Fly rElec rF+ Str+2 Dex+2} melds into your body.
Your +5 ring of slaying melds into your body.
You feel magic returning to you.
You feel rather sluggish.
You feel weakened.
You feel dopey.
You feel clumsy.
The ancient champion hits you with a +2 great sword of freezing!
* * * LOW HITPOINT WARNING * * *
Your ogre hits the ancient champion but does no damage.
Something barely misses your ogre. Something claws your ogre.
Something tramples your ogre.
You hear a shout!
The jiangshi misses you. The jiangshi barely misses you.
Your deep troll rages.
Your deep troll rages.
The jiangshi completely misses you. The jiangshi claws you!!
You die...

#.....'.........#....#
#)....#.........#.#..#
#.....#....)....#.#..#
#.....#......!).#.#..# ..
#.....#......)))#.#..#
#2.######.....#.......).#.#..#
#..#..........#########[#.#..#
#..#.....O.............).....#
##''###8....zVb..........<....#
##.....##ZT.########............
#⌠.....'....# #............
#⌠...2.'....# #............
###.....##...# #........####
..##''###8...# #........#
...#..# .....# #........#
...#..#........ ......[...#
...#..######..## #######...#


You could see an ancient champion, a jiangshi, a storm dragon skeleton, a
friendly deep troll (berserk) and a friendly ogre (berserk).

Vanquished Creatures
  A juggernaut (Depths:2)
  2 greater mummies (Crypt:1)
  Margery (Vaults:2)
  Frederick (Vaults:3)
  Saint Roka (Crypt:2)
  3 golden dragons
  A profane servitor (Crypt:3)
  6 liches
  Asterion (Snake:2)
  A titan (Vaults:5)
  4 tentacled monstrosities
  A quicksilver dragon (Vaults:5)
  The ghost of Dwachs the Warrior, an adept VSFi of Uskayaw (Depths:4)
  2 deep elf master archers (Elf:3)
  An acid blob (Depths:3)
  A kraken (Shoals:4)
  2 deep elf blademasters (Elf:3)
  Agnes (Elf:2)
  5 ancient champions
  Kirke (Lair:5)
  2 thorn hunters (Depths:3)
  9 tengu reavers
  3 storm dragons
  9 nagarajas
  4 revenants
  Roxanne (Elf:2)
  4 shadow dragons
  12 frost giants
  13 vault wardens
  7 fire giants
  6 deep elf sorcerers
  2 iron dragons
  Aizul (Shoals:1)
  A draconian scorcher (Depths:5)
  An orc warlord (Orc:2)
  3 deep elf elementalists
  A balrug (Depths:3)
  A draconian stormcaller (Depths:5)
  10 ghouls
  A war gargoyle (Vaults:5)
  10 very ugly things
  5 vampire knights
  3 entropy weavers
  16 stone giants
  12 ironheart preservers
  The ghost of swagumen the Severer, a journeyman HOFi of Beogh (Lair:6)
  5 black draconians (Depths:5)
  11 deep elf demonologists
  6 spark wasps
  Azrael (Snake:2)
  5 deep elf annihilators
  A minotaur (Gauntlet)
  3 yellow draconians (Depths:5)
  13 ettins
  A green death (Gauntlet)
  13 deep elf death magi
  A blizzard demon (IceCv)
  3 eidola (Crypt:3)
  2 merfolk javelineers
  Snorg (D:12)
  17 fire dragons
  A mummy priest (Crypt:3)
  18 yaktaur captains
  7 merfolk impalers
  2 deep elf high priests
  8 jiangshi
  A quicksilver dragon skeleton (Crypt:3)
  17 ogre magi
  8 ice dragons
  14 great orbs of eyes
  15 naga warriors
  7 rakshasas
  A caustic shrike simulacrum (Depths:1)
  7 hydras
  6 merfolk avatars
  6 anacondas
  A monstrous demonspawn (Depths:3)
  34 vault guards
  47 two-headed ogres
  11 centaur warriors
  2 alligator snapping turtles (Shoals:4)
  3 spriggan air magi
  A satyr (Shoals:4)
  5 death knights
  7 deep troll shamans
  2 queen ants (shapeshifter)
  23 dancing weapons
  5 merfolk aquamancers
  11 deep troll earth magi
  13 naga sharpshooters
  A titan zombie (Crypt:3)
  3 vampire magi
  8 tengu warriors
  9 shock serpents
  4 spriggan berserkers
  5 orc high priests
  A storm dragon zombie (Crypt:3)
  2 small abominations (Elf:3)
  20 deep elf knights
  4 shadow wraiths
  A sixfirhy (Gauntlet)
  2 iron trolls (Depths:5)
  4 hell knights
  40 skeletal warriors
  3 unseen horrors
  2 infernal demonspawn (Orc:2)
  23 sea snakes
  4 wizards
  A storm dragon skeleton (Crypt:3)
  24 deep trolls
  2 naga ritualists
  2 lindwurms (Lair:6)
  6 flayed ghosts
  11 deep elf archers
  4 glowing orange brains
  8 harpies
  An iron giant skeleton (Crypt:2)
  5 ironbrand convokers
  7 phantasmal warriors
  7 necromancers
  3 wolf spiders
  A harpy (shapeshifter) (Vaults:4)
  2 wolf spider zombies
  11 orc knights
  A shadow dragon skeleton (Crypt:3)
  60 deep elf magi
  44 ugly things
  12 fauns (Shoals:2)
  A stone giant zombie (Crypt:2)
  4 orc sorcerers
  8 salamanders
  9 mana vipers
  2 black mambas (shapeshifter)
  10 cyclopes
  An orc zombie (Vaults:2)
  7 oklob plants
  14 manticores
  A frost giant skeleton (Depths:1)
  14 naga magi
  3 ice statues
  10 guardian serpents
  3 elephants (Lair:4)
  2 stone giant skeletons
  Joseph (D:8)
  6 water nymphs
  11 merfolk sirens
  13 vault sentinels
  27 black mambas
  A rust devil (Orc:2)
  A human zombie (Vaults:2)
  2 orc skeletons
  3 centaur skeletons
  2 gargoyles
  2 orange demons (Gauntlet)
  9 spiny frogs
  4 rime drakes
  A yellow draconian zombie (Crypt:3)
  73 yaktaurs
  11 freezing wraiths
  6 komodo dragons
  2 green draconian skeletons (Crypt:2)
  2 hellwings
  A komodo dragon (shapeshifter) (Vaults:5)
  3 guardian mummies (Crypt:3)
  2 queen bees (shapeshifter)
  A yellow draconian skeleton (Crypt:2)
  14 ice devils
  A death drake zombie (Crypt:2)
  4 tengu conjurers
  15 merfolk
  8 trolls
  7 wind drakes
  6 hornets
  11 polar bears
  A minotaur skeleton (Crypt:1)
  2 jumping spiders (shapeshifter)
  12 blink frogs
  2 wind drakes (shapeshifter) (Vaults:1)
  2 hippogriffs (shapeshifter)
  A slime creature (shapeshifter) (Vaults:3)
  A fire giant simulacrum (Depths:1)
  15 hippogriffs
  A spectral dream sheep (Lair:6)
  A harpy zombie (D:13)
  A bog body (Crypt:2)
  A dream sheep (shapeshifter) (D:14)
  8 dream sheep
  11 slime creatures
  A meliai zombie (D:13)
  An ice dragon zombie (Vaults:1)
  7 snapping turtles
  6 redbacks
  4 air elementals
  9 spriggans
  3 tarantellas
  37 yaks
  A spriggan (shapeshifter) (Vaults:2)
  33 water elementals
  2 hogs (shapeshifter)
  2 basilisks
  5 shadows
  8 wraiths
  2 basilisks (shapeshifter)
  A yak (shapeshifter) (Depths:1)
  8 fire elementals
  6 wyverns
  6 vampire mosquitoes
  4 hogs
  3 ushabtiu (Crypt:3)
  A catoblepas simulacrum (Lair:6)
  A steam dragon (D:12)
  A hungry ghost (D:14)
  A golden eye (shapeshifter) (Vaults:1)
  3 chaos spawn
  11 wargs
  An insubstantial wisp (Lair:3)
  A monstrous demonspawn zombie (Crypt:1)
  A soldier ant (shapeshifter) (Vaults:5)
  2 hydra simulacra (Lair:6)
  A water nymph zombie (Crypt:3)
  5 hell hounds
  52 nagas
  19 water moccasins
  A water nymph skeleton (Crypt:1)
  Duvessa (D:5)
  2 acid dragons (Vaults:2)
  7 porcupines
  A floating eye (Depths:2)
  A phantom (D:10)
  2 ice beasts
  2 sky beasts
  2 hornet zombies
  53 orc warriors
  5 necrophages
  A black mamba simulacrum (Lair:6)
  An ogre (shapeshifter) (D:13)
  15 black bears
  11 boggarts
  15 wolves (Lair:6)
  23 centaurs
  34 ogres
  A snapping turtle skeleton (Crypt:1)
  14 crocodiles
  4 big kobolds
  25 bullfrogs
  3 earth elementals
  Dowan (D:5)
  2 water moccasin skeletons (D:10)
  A scorpion (D:12)
  8 wights (D:7)
  A warg skeleton (Crypt:2)
  8 killer bees
  11 electric eels
  5 howler monkeys
  5 crimson imps
  A wolf zombie (Crypt:1)
  A human simulacrum (Vaults:1)
  A komodo dragon simulacrum (Lair:6)
  2 centaur zombies
  3 gnoll shamans (D:10)
  5 hounds
  4 jellies
  31 orc priests
  3 bullfrog skeletons
  25 orc wizards
  2 bullfrog zombies
  Natasha (thrice) (D:4)
  4 iguanas
  10 worker ants
  5 polar bear simulacra (D:11)
  3 yak simulacra (D:11)
  2 wolf simulacra (D:11)
  A big kobold zombie (Crypt:2)
  13 mummies
  2 hound zombies
  2 hound skeletons
  2 howler monkey zombies
  2 worker ant zombies
  10 gnolls
  17 adders
  5 shadow imps
  5 white imps (IceCv)
  8 ufetubi
  4 oozes
  2 adder skeletons
  An adder zombie (Crypt:2)
  2 worms
  2 dart slugs
  4 leopard geckos
  98 orcs
  5 ball pythons
  4 bats
  8 giant cockroaches
  8 goblins
  5 hobgoblins
  5 jackals
  18 kobolds
  4 quokkas
  4 frilled lizards
  A jackal skeleton (D:6)
  A leopard gecko skeleton (D:8)
  A quokka zombie (D:6)
  7 rats
  A river rat simulacrum (D:11)
  A briar patch (Depths:3)
  A crawling corpse (Elf:2)
  A fungus (Lair:1)
  2 plants
  3 tentacles (Shoals:4)
2167 creatures vanquished.

Vanquished Creatures (collateral kills)
  Khufu (Crypt:1)
  Bai Suzhen (Vaults:2)
  A golden dragon (Depths:4)
  Nikola (Snake:2)
  Jory (Vaults:2)
  Rupert (Lair:4)
  2 shadow dragons (Vaults:5)
  A frost giant (Vaults:5)
  A deep elf sorcerer (Vaults:3)
  3 vault wardens (Vaults:5)
  A deep elf elementalist (Elf:3)
  3 ironheart preservers
  An entropy weaver (Vaults:4)
  2 stone giants
  5 very ugly things
  A vampire knight (Depths:1)
  A deep elf demonologist (Elf:3)
  2 spark wasps (Depths:5)
  2 deep elf death magi
  3 ettins
  A naga warrior (Snake:1)
  2 ice dragons
  4 hydras
  A vault guard (Vaults:5)
  A spriggan air mage (Depths:2)
  5 two-headed ogres (Depths:1)
  A satyr (Shoals:2)
  A tengu warrior (Depths:3)
  2 dancing weapons (Elf:1)
  4 orc high priests (Orc:2)
  A hell knight (Vaults:2)
  A deep elf knight (Vaults:1)
  2 torturous demonspawn (Orc:2)
  3 deep trolls (Vaults:3)
  A glowing orange brain (Depths:2)
  3 sea snakes (Snake:4)
  3 deep elf archers
  3 ironbrand convokers
  A phantasmal warrior (Vaults:5)
  4 orc sorcerers (Orc:2)
  6 deep elf magi
  4 orc knights (Orc:2)
  10 ugly things
  3 fauns (Shoals:2)
  3 vault sentinels
  2 guardian serpents
  An ice devil (IceCv)
  A komodo dragon (Lair:2)
  4 yaktaurs
  A troll (D:14)
  A hornet (Lair:6)
  2 blink frogs (Lair:6)
  A spriggan (Lair:6)
  A fire elemental (Elf:1)
  3 chaos spawn (Gauntlet)
  A neqoxec (Gauntlet)
  6 orc warriors (Orc:2)
  A water moccasin (Lair:6)
  An ogre (Vaults:4)
  A wolf (Lair:6)
  A bullfrog (Lair:2)
  5 orc priests
  A worker ant (D:14)
  9 orcs (Orc:2)
  A tentacle (Shoals:4)
148 creatures vanquished.

Vanquished Creatures (others)
  An ettin (Vaults:5)
  A naga sharpshooter (Snake:2)
  A vault sentinel (Vaults:5)
  A water elemental (Elf:1)
  2 nagas
  An orc warrior (Vaults:4)
  An ogre (Depths:1)
  3 white imps (IceCv)
  4 ufetubi (IceCv)
  An orc (Orc:2)
  2 bushes
  15 fungi
  33 plants
  7 tentacles (Shoals:4)
73 creatures vanquished.

Grand Total: 2388 creatures vanquished

Notes
Turn   | Place    | Note
-------+----------+-------------------------------------------
     0 | D:1      | Torikoriko the Vampire Berserker began the quest for the
                  | Orb.
     0 | D:1      | Reached XP level 1. HP: 17/17 MP: 1/1
    39 | D:1      | Reached skill level 1 in Stealth
   102 | D:1      | Reached XP level 2. HP: 19/23 MP: 2/2
   513 | D:2      | Reached ** piety under Trog
   544 | D:2      | Reached XP level 3. HP: 20/29 MP: 3/3
   682 | D:2      | Found a basalt altar of Yredelemnul.
   682 | D:2      | Found a burning altar of Makhleb.
  1204 | D:3      | Noticed a bullfrog
  1225 | D:2      | Killed a bullfrog
  1225 | D:2      | Reached XP level 4. HP: 36/37 MP: 4/4
  1276 | D:3      | Reached XP level 5. HP: 42/42 MP: 5/5
  1360 | D:3      | Found an opulent altar of Gozag.
  1487 | D:3      | Reached skill level 5 in Stealth
  1515 | D:3      | Found a sparkling altar of Nemelex Xobeh.
  1675 | D:3      | Reached *** piety under Trog
  2176 | D:4      | Reached XP level 6. HP: 49/49 MP: 2/6
  2633 | D:4      | Found a staircase to the Ecumenical Temple.
  2634 | D:4      | Noticed Natasha
  2646 | D:4      | Killed Natasha
  2702 | D:4      | Found Ylenej's Book Emporium.
  2898 | D:4      | Reached XP level 7. HP: 55/55 MP: 7/7
  2900 | D:4      | Found Ifybiuz's Food Emporium.
  3067 | D:5      | Entered Level 5 of the Dungeon
  3098 | D:5      | Reached skill level 5 in Short Blades
  3129 | D:5      | Reached skill level 5 in Fighting
  3334 | D:5      | Found a transporter.
  3334 | D:5      | Found a transporter.
  3335 | D:5      | Noticed Mithandil's ghost (novice DECj)
  3540 | D:5      | Noticed Duvessa
  3542 | D:5      | Noticed Dowan
  3559 | D:5      | Killed Duvessa
  3568 | D:5      | Killed Dowan
  3867 | D:5      | Reached XP level 8. HP: 64/64 MP: 8/8
  4329 | D:6      | Reached **** piety under Trog
  4873 | D:6      | Found a blossoming altar of Fedhas.
  4873 | D:6      | Found an ornate altar of the Wu Jian Council.
  5489 | D:6      | Reached skill level 5 in Armour
  5763 | D:7      | Reached XP level 9. HP: 72/72 MP: 9/9
  6229 | D:7      | Found a stormy altar of Qazlal.
  6719 | D:8      | Noticed Joseph
  6721 | D:8      | Reached skill level 10 in Stealth
  6726 | D:8      | Killed Joseph
  7432 | D:9      | Reached skill level 1 in Shields
  7432 | D:9      | Reached XP level 10. HP: 84/84 MP: 10/10
  7637 | D:9      | Got a scorched leather armour
  7648 | D:9      | Identified the +2 leather armour of the Eight Demons
                  | {Regen+ Dex+4 Slay-6} (You found it on level 9 of the
                  | Dungeon)
  7762 | D:9      | Reached skill level 10 in Fighting
  8224 | D:10     | Entered Level 10 of the Dungeon
  8727 | D:10     | Noticed an unseen horror
  8752 | D:10     | Killed an unseen horror
  8792 | D:10     | Found a staircase to the Lair.
  9255 | D:10     | Noticed a two-headed ogre
  9278 | D:10     | Killed a two-headed ogre
  9408 | D:10     | Reached XP level 11. HP: 93/93 MP: 11/11
  9516 | D:10     | Noticed a two-headed ogre
  9546 | D:10     | Killed a two-headed ogre
  9598 | D:10     | Reached ***** piety under Trog
 10521 | D:10     | Noticed a two-headed ogre
 10524 | D:10     | Killed a two-headed ogre
 10945 | D:10     | Found a shattered altar of Ashenzari.
 11958 | D:10     | Noticed a two-headed ogre
 12011 | D:10     | Killed a two-headed ogre
 12011 | D:10     | Reached skill level 5 in Dodging
 12861 | D:11     | Noticed a seven-headed hydra
 13054 | Lair:1   | Entered Level 1 of the Lair of Beasts
 13156 | Lair:1   | Reached XP level 12. HP: 94/102 MP: 12/12
 13901 | Lair:1   | Received a gift from Trog
 15011 | Lair:1   | Noticed a four-headed hydra
 15022 | Lair:1   | Killed a four-headed hydra
 15109 | Lair:1   | Noticed an eight-headed hydra
 15114 | Lair:1   | Killed an eight-headed hydra
 15686 | Lair:2   | Noticed a five-headed hydra
 15697 | Lair:2   | Killed a five-headed hydra
 15769 | Lair:2   | Found a frozen archway.
 16472 | Lair:3   | You fall into a shaft and drop 1 floor!
 16541 | Lair:4   | Found a gate leading to a gauntlet.
 16553 | Gauntlet | Entered a Gauntlet
 16553 | Gauntlet | Found a transporter.
 16847 | Gauntlet | Found a transporter.
 16856 | Gauntlet | Found a transporter.
 16861 | Gauntlet | Found a transporter.
 16877 | Gauntlet | Found a transporter.
 16877 | Gauntlet | Noticed a balrug
 16896 | Gauntlet | Found the +8 longbow "Zephyr" {speed, Dex+3 SInv}
 16896 | Gauntlet | Found a transporter.
 16896 | Gauntlet | Noticed a dire elephant
 16914 | Gauntlet | Found a transporter.
 16914 | Gauntlet | Noticed a cacodemon
 16933 | Gauntlet | Found a transporter.
 16945 | Gauntlet | Found a transporter.
 16956 | Gauntlet | Noticed a green death
 16957 | Gauntlet | Found a transporter.
 16974 | Gauntlet | Found a transporter.
 16991 | Gauntlet | Found a transporter.
 16993 | Gauntlet | Found a transporter.
 17035 | Gauntlet | Found a transporter.
 17035 | Gauntlet | Found a transporter.
 17037 | Gauntlet | Found a transporter.
 17061 | Gauntlet | Found a transporter.
 17113 | Gauntlet | Found a transporter.
 17326 | Gauntlet | Got a sparkling bone ring
 17328 | Gauntlet | Identified the ring "Maeseipo" {rC+ Int+4} (You found it in
                  | a Gauntlet)
 17559 | Gauntlet | Killed a green death
 17571 | Gauntlet | Reached skill level 10 in Short Blades
 17771 | Gauntlet | Got a fine long sword
 17772 | Gauntlet | Identified the +10 long sword "Paipicag" {slice, Int+2
                  | Dex+4 Stlth+} (You found it in a Gauntlet)
 17852 | Gauntlet | Noticed a minotaur
 17877 | Gauntlet | Killed a minotaur
 17904 | Gauntlet | Identified the Guide on Mutagenic Darkness
 17906 | Gauntlet | Got an ebony rapier
 17912 | Lair:4   | Identified the +1 rapier of Agaris {pierce, rElec rF+
                  | Int+2} (You found it in a Gauntlet)
 17928 | Lair:4   | Reached skill level 1 in Long Blades
 18176 | Lair:4   | Reached XP level 13. HP: 88/111 MP: 13/13
 18413 | Lair:3   | Found a staircase to the Snake Pit.
 19622 | Lair:4   | Found a staircase to the Shoals.
 20025 | Lair:4   | Noticed Rupert
 20055 | Lair:4   | Killed Rupert
 20055 | Lair:4   | Reached skill level 5 in Long Blades
 21682 | Lair:5   | Noticed Kirke
 21704 | Lair:5   | Killed Kirke
 22310 | Lair:5   | Found a staircase to the Slime Pits.
 22823 | Lair:6   | Entered Level 6 of the Lair of Beasts
 23764 | Lair:6   | Found a runed translucent gate.
 23764 | Lair:6   | Found a runed translucent gate.
 23764 | Lair:6   | Found a runed translucent gate.
 23939 | Lair:6   | Reached XP level 14. HP: 121/121 MP: 14/14
 24715 | D:11     | Found a staircase to the Orcish Mines.
 25558 | D:12     | Noticed Snorg
 25562 | D:12     | Killed Snorg
 25657 | D:12     | Found a portal to a secret trove of treasure.
 26187 | D:12     | Reached skill level 15 in Fighting
 28506 | D:13     | Found a runed translucent gate.
 28506 | D:13     | Found a runed translucent gate.
 28507 | D:13     | Found a runed translucent gate.
 28509 | D:13     | Noticed marsu's ghost (adept NaTm)
 28582 | D:13     | Reached skill level 10 in Long Blades
 29169 | D:14     | Received a gift from Trog
 30137 | D:14     | Found a gate to the Vaults.
 30205 | D:15     | Entered Level 15 of the Dungeon
 30734 | D:15     | Reached XP level 15. HP: 121/130 MP: 15/15
 31192 | D:15     | Got a steaming leather armour
 31203 | D:15     | Identified the cursed +1 leather armour "Onitonutt" {rN+
                  | Int+4 Slay+3 Stlth+} (You found it on level 15 of the
                  | Dungeon)
 31461 | D:15     | Found a sacrificial altar of Ru.
 32230 | D:15     | Found a staircase to the Depths.
 32843 | Orc:1    | Entered Level 1 of the Orcish Mines
 32883 | Orc:1    | Found Rechyff's Weapon Shop.
 32887 | Orc:1    | Found a roughly hewn altar of Beogh.
 33430 | Orc:2    | Entered Level 2 of the Orcish Mines
 33739 | Orc:2    | Noticed an orc warlord
 33819 | Orc:2    | Killed an orc warlord
 34089 | Orc:2    | Received a gift from Trog
 34100 | Orc:2    | Found Alugatz's General Store.
 34101 | Orc:2    | Found Onoc's Distillery.
 35127 | Orc:2    | Received a gift from Trog
 35237 | Orc:2    | Found Pyhe's Book Emporium.
 35237 | Orc:2    | Found Fautes's Antique Weapon Shoppe.
 35238 | Orc:2    | Found a one-way gate leading to the halls of Pandemonium.
 35310 | Orc:2    | Found a staircase to the Elven Halls.
 35638 | Shoals:1 | Entered Level 1 of the Shoals
 35677 | Snake:1  | Entered Level 1 of the Snake Pit
 35824 | Snake:1  | Found a flickering gateway to a bazaar.
 35843 | Bazaar   | Entered a bazaar
 35857 | Bazaar   | Found Tiaseih's Jewellery Shoppe.
 35919 | Bazaar   | Found Lufivideo's Gadget Shoppe.
 35972 | Bazaar   | Found Peutiula's Book Shoppe.
 36015 | Bazaar   | Found Dooromn's Magic Scroll Boutique.
 36023 | Bazaar   | Bought a scroll of teleportation for 42 gold pieces
 36023 | Bazaar   | Bought a scroll of teleportation for 42 gold pieces
 37533 | Lair:6   | Received a gift from Trog
 37833 | Lair:6   | Noticed swagumen's ghost (journeyman HOFi)
 38623 | Shoals:1 | Noticed Aizul
 39162 | Shoals:1 | Reached XP level 16. HP: 137/141 MP: 16/16
 39410 | Shoals:1 | Reached skill level 10 in Dodging
 39584 | Shoals:1 | Found Ucwamom's Book Shoppe.
 39841 | Shoals:1 | Killed Aizul
 39841 | Shoals:1 | Reached skill level 15 in Stealth
 40273 | Shoals:2 | Found a frozen archway.
 40533 | IceCv    | Entered an ice cave
 40894 | IceCv    | Identified a +1 pair of boots of running (You found it in
                  | an ice cave)
 41867 | IceCv    | Got a twisted short sword
 42370 | Shoals:2 | Received a gift from Trog
 43400 | Shoals:2 | You fall into a shaft and drop 1 floor!
 44832 | Shoals:3 | Found a transporter.
 45433 | Shoals:3 | Identified the ring "Qioplivou" {+Inv MP+9 Str+10}
 45433 | Shoals:3 | Noticed Vulo's ghost (adept OpEE)
 45448 | Shoals:3 | Found a transporter.
 45793 | Shoals:3 | Noticed a kraken
 46031 | Shoals:4 | Entered Level 4 of the Shoals
 46050 | Shoals:4 | Got a pair of spiked gloves
 46070 | Shoals:3 | Identified the +0 pair of gloves "Inan" {MR+++ Regen+ rCorr
                  | Stlth-} (You found it on level 4 of the Shoals)
 46082 | Shoals:4 | Noticed a kraken
 46101 | Shoals:4 | Received a gift from Trog
 46384 | Shoals:4 | Reached XP level 17. HP: 123/149 MP: 17/17
 46882 | Shoals:4 | Reached ****** piety under Trog
 47311 | Shoals:4 | Received a gift from Trog
 47822 | Shoals:4 | Killed a kraken
 47835 | Shoals:4 | Got a barnacled rune of Zot
 48310 | Snake:1  | Got a jewelled hand crossbow
 48311 | Snake:1  | Identified the +7 hand crossbow of the Crypt {speed, rPois}
                  | (You found it on level 1 of the Snake Pit)
 49345 | Snake:2  | Noticed Nikola
 49361 | Snake:2  | Killed Nikola
 49361 | Snake:2  | Received a gift from Trog
 49613 | Snake:2  | Noticed Azrael
 49642 | Snake:2  | Killed Azrael
 49857 | Snake:2  | Noticed Asterion
 49862 | Snake:2  | Killed Asterion
 52444 | Snake:4  | Entered Level 4 of the Snake Pit
 52555 | Snake:4  | Found Caseleti's Food Shop.
 53066 | Snake:4  | Received a gift from Trog
 53066 | Snake:4  | Reached XP level 18. HP: 115/128 MP: 18/18
 53198 | Snake:4  | Reached skill level 10 in Armour
 54603 | Snake:4  | Identified the +2 leather armour of Baldness {rElec MR+
                  | Slay-6} (You found it on level 4 of the Snake Pit)
 55092 | Snake:4  | Received a gift from Trog
 55278 | Snake:4  | Received a gift from Trog
 55686 | Snake:4  | Got a serpentine rune of Zot
 56008 | Vaults:1 | Entered Level 1 of the Vaults
 58199 | Vaults:1 | Reached XP level 19. HP: 129/137 MP: 19/19
 59204 | Vaults:2 | Received a gift from Trog
 59780 | Vaults:2 | Noticed Bai Suzhen
 60372 | Vaults:2 | Noticed Jory
 60382 | Vaults:2 | Killed Bai Suzhen
 60409 | Vaults:2 | Killed Jory
 60523 | Vaults:2 | Found a staircase to the Crypt.
 61071 | Vaults:2 | Noticed Margery
 61085 | Vaults:2 | Killed Margery
 61230 | Vaults:2 | Received a gift from Trog
 62038 | Vaults:3 | Noticed a lich
 62044 | Vaults:3 | Killed a lich
 62126 | Vaults:3 | Received a gift from Trog
 62299 | Vaults:3 | Reached XP level 20. HP: 115/144 MP: 6/20
 62589 | Vaults:3 | Found Zemusui's Distillery.
 62593 | Vaults:3 | Bought a potion of invisibility for 176 gold pieces
 62593 | Vaults:3 | Bought a potion of curing for 66 gold pieces
 62593 | Vaults:3 | Bought a potion of curing for 66 gold pieces
 62593 | Vaults:3 | Bought a potion of curing for 66 gold pieces
 62629 | Vaults:3 | Noticed Frederick
 62632 | Vaults:3 | Killed Frederick
 63400 | Vaults:3 | Received a gift from Trog
 64494 | Vaults:4 | Received a gift from Trog
 65724 | Depths:1 | Entered Level 1 of the Depths
 66061 | Depths:1 | Found a gateway to Hell.
 66102 | Depths:1 | Reached XP level 21. HP: 135/152 MP: 7/21
 66113 | Depths:1 | Reached skill level 1 in Throwing
 66225 | Depths:1 | Found a gateway to a ziggurat.
 66499 | Depths:1 | Received a gift from Trog
 66701 | Depths:1 | Identified the Guide on the Congealing Blaze
 66721 | Depths:1 | Identified the +8 hand axe of Summer {flame, *Noise rElec
                  | Str-5 SInv}
 66852 | Depths:1 | Identified the Volume of Supportive Ice
 66924 | Depths:1 | Found a corrupted altar of Lugonu.
 66924 | Depths:1 | Found a one-way gate to the infinite horrors of the Abyss.
 67310 | Depths:2 | Noticed a juggernaut
 67319 | Depths:2 | Killed a juggernaut
 67319 | Depths:2 | Reached skill level 15 in Dodging
 68086 | Depths:2 | Noticed a golden dragon
 68088 | Depths:2 | Killed a golden dragon
 68348 | Depths:2 | Reached skill level 5 in Throwing
 68480 | Depths:2 | Reached skill level 1 in Evocations
 68828 | Depths:3 | Found Voph's Antique Armour Boutique.
 69463 | Depths:3 | Bought a pitted chain mail for 351 gold pieces
 69463 | Depths:3 | Bought a faintly glowing chain mail for 351 gold pieces
 69463 | Depths:3 | Identified the +5 chain mail of Muttered Phrases {Str+3
                  | Int+3} (You bought it in a shop on level 3 of the Depths)
 69464 | Depths:3 | Identified the cursed +0 chain mail "Kolulier" {+Blink
                  | rElec} (You bought it in a shop on level 3 of the Depths)
 70129 | Depths:3 | Reached XP level 22. HP: 138/158 MP: 8/25
 70367 | Depths:3 | Reached skill level 5 in Evocations
 70859 | Depths:3 | Found a glowing golden altar of the Shining One.
 71550 | Depths:3 | Received a gift from Trog
 72061 | Depths:4 | Found Gozag's Assorted Antiques.
 72065 | Depths:4 | Found Gozag's Assorted Antiques.
 72065 | Depths:4 | Found an opulent altar of Gozag.
 72065 | Depths:4 | Noticed a golden dragon
 72086 | Depths:4 | Found a flickering gateway to a bazaar.
 72123 | Bazaar   | Entered a bazaar
 72156 | Bazaar   | Found Weoggoro's Weapon Emporium.
 72163 | Bazaar   | Bought a throwing net for 27 gold pieces
 72174 | Bazaar   | Found Cysugux's Antique Armour Shoppe.
 72174 | Bazaar   | Found Pauj's Book Emporium.
 72222 | Bazaar   | Bought a pair of heavily runed boots for 370 gold pieces
 72222 | Bazaar   | Identified the cursed +0 pair of boots of Immorality
                  | {+Blink rF- MR++ Str+2} (You bought it in a shop in a
                  | bazaar)
 72516 | Depths:4 | Found a runed translucent door.
 72519 | Depths:4 | Noticed Dwachs's ghost (adept VSFi)
 72527 | Depths:4 | Killed Dwachs's ghost
 72761 | Depths:4 | Found Urphacell's Gadget Shoppe.
 72763 | Depths:4 | Found Faiv's Jewellery Boutique.
 72764 | Depths:4 | Found Fykocar's Gadget Shoppe.
 72799 | Depths:4 | Found Gozag's Antique Armour Shop.
 72844 | Depths:4 | Bought a polished cloak for 950 gold pieces
 72867 | Depths:4 | Identified the +2 cloak of the Endless Expanse {rPois rC+
                  | Str+2 Dex+4} (You bought it in a shop on level 4 of the
                  | Depths)
 73049 | Depths:4 | Killed a golden dragon
 73491 | Depths:5 | Entered Level 5 of the Depths
 73539 | Depths:5 | Received a gift from Trog
 73719 | Depths:5 | Noticed a golden dragon
 73731 | Depths:5 | Upgraded the game from 0.24-a0-506-g958ff8eaa0 to
                  | 0.24-a0-507-g3e8b242632
 73745 | Depths:4 | Killed a golden dragon
 73808 | Depths:4 | Received a gift from Trog
 75242 | Depths:5 | Reached XP level 23. HP: 107/165 MP: 9/29
 75399 | Depths:5 | Received a gift from Trog
 75438 | Depths:5 | Found a gate to the Realm of Zot.
 75860 | Elf:1    | Entered Level 1 of the Elven Halls
 75889 | Elf:1    | Received a gift from Trog
 76236 | Elf:1    | Found Ulunom's Assorted Antiques.
 76244 | Elf:1    | Bought a scroll of teleportation for 78 gold pieces
 76370 | Elf:1    | Received a gift from Trog
 76894 | Elf:2    | Noticed Agnes
 76903 | Elf:2    | Killed Agnes
 77000 | Elf:2    | Found Iqoig's Armour Shop.
 77002 | Elf:2    | Identified Roxanne's Handbook of the Mountains
 77002 | Elf:2    | Noticed Roxanne
 77157 | Elf:2    | Killed Roxanne
 77170 | Elf:2    | Received a gift from Trog
 77408 | Elf:2    | Found a huge runed translucent gate.
 77408 | Elf:2    | Found a huge runed translucent gate.
 77408 | Elf:2    | Found a huge runed translucent gate.
 77408 | Elf:2    | Found a huge runed translucent gate.
 77408 | Elf:2    | Found a huge runed translucent gate.
 78018 | Elf:3    | Entered Level 3 of the Elven Halls
 78176 | Elf:3    | Received a gift from Trog
 78949 | Elf:3    | Received a gift from Trog
 78968 | Elf:3    | Identified Fosahoro's Incunabulum of Translocation and Cold
 78971 | Elf:3    | Got an ivory scimitar
 78973 | Elf:3    | Got a faintly glowing plate armour
 78974 | Elf:3    | Identified the +4 scimitar "Death Rattle" {drain, rN+} (You
                  | found it on level 3 of the Elven Halls)
 78976 | Elf:3    | Identified the +9 plate armour "Tuxast Araq" {rC+ Str+7
                  | Dex-4} (You found it on level 3 of the Elven Halls)
 78977 | Elf:3    | Identified the Incunabulum of Creative Stones
 78980 | Elf:3    | Identified the +0 scale mail "Weutt" {Str+3 Stlth+} (You
                  | found it on level 3 of the Elven Halls)
 78983 | Elf:3    | Got a slimy bronze ring
 78985 | Elf:3    | Identified the ring of Oshryvi {*Drain rPois Str+4 Int+4}
                  | (You found it on level 3 of the Elven Halls)
 79013 | Elf:3    | Identified the Incunabulum of Shifting Dark Rites
 79032 | Elf:3    | Identified the +5 trident "Aryonats" {pain, rPois Int+4
                  | Dex-5}
 79223 | Elf:3    | Identified the ring "Kiyru" {+Fly rElec rF+ Str+2 Dex+2}
 79239 | Elf:3    | Received a gift from Trog
 79806 | Elf:3    | Identified Upautz's Disquisition on Fiery Creation
 79809 | Elf:3    | Identified the Volume of the Mountains and Venom
 79814 | Elf:3    | Got a warped shortbow
 79816 | Elf:3    | Identified the +9 shortbow of Disharmony {venom, rN++} (You
                  | found it on level 3 of the Elven Halls)
 79967 | Elf:3    | Found a large runed translucent door.
 79967 | Elf:3    | Found a large runed translucent door.
 79970 | Elf:3    | Noticed jeroenos's ghost (adept DsFi)
 80564 | Vaults:5 | Entered Level 5 of the Vaults
 80577 | Vaults:5 | Received a gift from Trog
 80577 | Vaults:5 | Reached XP level 24. HP: 82/175 MP: 9/29
 81061 | Vaults:5 | Gained mutation: You are frail. (-10% HP) [a shining eye]
 81195 | Vaults:5 | Received a gift from Trog
 81683 | Vaults:5 | Identified the +3 plate armour "Qeoneuh" {rC+ rN+ Dex+4
                  | Stlth+}
 81685 | Vaults:5 | Identified the +1 robe of Osio {MR+ Int+3}
 82058 | Vaults:5 | Identified a scroll of acquirement
 82440 | Vaults:5 | Received a gift from Trog
 82729 | Vaults:5 | Got a silver rune of Zot
 83411 | Elf:1    | Bought the +8 storm bow {elec, penet} for 1513 gold pieces
 83411 | Elf:1    | Found the +8 storm bow {elec, penet}
 83638 | Elf:1    | Identified the +2 pair of boots of Oblivion {rCorr Str+3
                  | Int+6} (You acquired it on level 1 of the Elven Halls)
 84379 | D:4      | Noticed Natasha
 84389 | D:4      | Killed Natasha
 84522 | D:4      | Found a staircase to the Ecumenical Temple.
 84544 | D:4      | Noticed Natasha
 84547 | D:4      | Killed Natasha
 85101 | Lair:2   | Received a gift from Trog
 85114 | Lair:2   | Reached skill level 1 in Bows
 85131 | Lair:2   | Identified the +5 great sword of Crusades {slice, MP+9}
                  | (You found it on level 2 of the Lair of Beasts)
 85461 | Lair:6   | Killed swagumen's ghost
 85886 | Crypt:1  | Entered Level 1 of the Crypt
 85886 | Crypt:1  | Noticed Mennas
 87188 | Crypt:1  | Reached skill level 5 in Bows
 87457 | Crypt:2  | Reached XP level 25. HP: 130/159 MP: 9/29
 87498 | Crypt:2  | Found a runed translucent gate.
 87498 | Crypt:2  | Found a runed translucent gate.
 87500 | Crypt:2  | Found a runed translucent gate.
 87738 | Crypt:2  | Received a gift from Trog
 87744 | Crypt:2  | Identified the +6 falchion of Souwnurph {antimagic, Int+3}
                  | (Trog gifted it to you on level 2 of the Crypt)
 87963 | Crypt:2  | Noticed a greater mummy
 87963 | Crypt:2  | Noticed a greater mummy
 87987 | Crypt:2  | Noticed Khufu
 88021 | Crypt:1  | Killed a greater mummy
 88186 | Crypt:1  | Killed a greater mummy
 88228 | Crypt:1  | Killed Khufu
 89209 | Crypt:3  | Entered Level 3 of the Crypt
 89250 | Crypt:3  | Received a gift from Trog
 89471 | Crypt:3  | Noticed Saint Roka
 89713 | Crypt:2  | Killed Saint Roka
 89812 | Crypt:3  | Reached skill level 10 in Bows
 90323 | Crypt:2  | Received a gift from Trog
 90519 | Crypt:3  | Found a staircase to the Tomb.
 90825 | Crypt:3  | Slain by a jiangshi

Levels and vault maps discovered:
D:1:      onia_arrival_handbag, layout_rooms
D:2:      layout_loops_cross, chequers_temple_overflow_statue_of_worship
D:3:      layout_loops_ring, lemuel_crystal_altar, hangedman_decor_push,
          grunt_gozag_statues
D:4:      layout_basic, minmay_temple_entry_overgrown, serial_shops, shop, shop,
          uniq_natasha
D:5:      layout_basic, serial_co_window_serial, co_window_corner_a,
          co_window_paths_a, co_window_corner_a, co_window_of_opportunity_a,
          co_window_paths_a, co_window_corner_b, co_window_paths_c,
          co_window_broadway_a, co_window_paths_e, co_window_4corner_b,
          glass_columns_b, glass_columns_b, glass_columns_c, glass_columns_a,
          first_ration, gammafunk_ghost_arena, kennysheep_generic_room_4,
          uniq_duvessa
D:6:      layout_basic, gammafunk_temple_overflow_wave
D:7:      layout_loops_ring, grunt_qazlal_clouds
D:8:      layout_basic, uniq_joseph
D:9:      layout_basic, grunt_pizzeria
D:10:     kennysheep_town
D:11:     layout_loops_ring, orc_0_dummy, eino_house_with_fridge
D:12:     layout_roguey, trove_entry_hex_spiral, uniq_snorg
D:13:     layout_stronghold, gammafunk_ghost_hydra_chop,
          kennysheep_generic_room_5
D:14:     layout_grid_maze, david_vaults_4, serial_bayou_pond_d
D:15:     grunt_enter_depths_hoard, layout_loops_corners, kennysheep_flooded_box
Lair:1:   layout_layer_cave, grunt_forest_small_clearings, hibernation_bobbens,
          serial_bayou_shore_a
Lair:2:   layout_chaotic_city, portal_ice_cave_rime, minivault_24,
          grunt_megastairs_5, lemuel_fruit_tree, minmay_lair_oklob_chamber
Lair:3:   beast_lair_carwin_large_2, layout_cave_pods,
          minmay_snake_entry_six_corridors, pond
Lair:4:   layout_hall_layers, minmay_shoals_entry_beasts,
          gauntlet_entry_generic, uniq_rupert
Lair:5:   layout_regular_city, slime_dummy, serial_bayou, serial_bayou_pond_b,
          serial_bayou_shore_b, serial_bayou_crossing, serial_bayou_lagoon_a,
          enter_volcano_3, beast_lair_carwin_10, grunt_megastairs_3, uniq_kirke
Lair:6:   minmay_lair_end_enchanted_forest, layout_regular_city,
          gammafunk_ghost_necromancy
Shoals:1: layout_shoals, serial_shops, shop_coins,
          nicolae_shoals_water_elemental_grotto, uniq_aizul
Shoals:2: layout_shoals, portal_ice_cave_entry_ice_statue_one
Shoals:3: layout_shoals, gammafunk_ghost_arena,
          nicolae_shoals_siren_and_animal_friends
Shoals:4: shoals_end_hangedman, layout_shoals, yaktaur_hedge
Snake:1:  layout_cave_shapes, serial_shops, bzr_entry_islet,
          corexii_hall_statues_s, st_stairs_11, nrook_loot_triangle
Snake:2:  layout_misc_corridors, uniq_asterion, uniq_nikola, uniq_azrael
Snake:3:  layout_chambers, drop_trap, st_stairs_1,
          nicolae_snake_round_shape_thing
Snake:4:  grunt_snake_rune_pools, layout_cave_pods, serial_shops, shop
Orc:1:    layout_caves, serial_shops, shop, basic_altar
Orc:2:    pf_orc_diabolical, layout_caves, nooodl_orcs_dogs
Elf:1:    minmay_elf_arrival_circle, layout_loops_cross, serial_shops, shop,
          evilmike_minifort, grunt_ministairs_3
Elf:2:    layout_onion_city, serial_shops, shop, uniq_roxanne, uniq_agnes
Elf:3:    grunt_elf_hall_spiral, layout_loops_corners,
          ebering_ghost_disaster_area
Vaults:1: nicolae_vaults_an_arrangement, nicolae_vaults_big_ls, v_rooms_1,
          nicolae_vaults_little_squares_6, v_misc_3, v_misc_23,
          layout_vaults_omnigrid
Vaults:2: hangedman_vaults_pinch, hangedman_vaults_restitches,
          nicolae_vaults_little_squares_1, v_rooms_5, vaults_room_pools,
          nicolae_vaults_theta, layout_vaults_chaotic_city, uniq_margery,
          uniq_jory, uniq_bai_suzhen
Vaults:3: v_misc_28, v_misc_10, vaults_room_fancy_cross,
          nicolae_vaults_specimen_jars, hangedman_vaults_hard_town_square,
          dpeg_vaults_monster_row, vaults_mumra_hex,
          nicolae_vaults_hallways_thing, nicolae_vaults_little_squares_1,
          v_rooms_2, v_pattern_2, vaults_dpeg_encased_lava,
          vaults_room_ringed_pool, vaults_room_door_ring,
          layout_vaults_maze_snakey, serial_shops, shop, uniq_frederick
Vaults:4: nicolae_vaults_little_ls, nicolae_vaults_border_crossing,
          vaults_dpeg_hooks, v_pattern_1, hangedman_vaults_slice,
          vaults_room_guarded_vault, nicolae_vaults_asterisk,
          grunt_vaults_focal, nicolae_vaults_network_quinsquares
          [nicolae_vaults_network_quincunx_subvault,
          nicolae_vaults_network_quincunx_subvault,
          nicolae_vaults_network_quincunx_subvault,
          nicolae_vaults_network_quincunx_subvault], vaults_room_stairs_pillars,
          nicolae_vaults_yaktaur_gun_rack, nicolae_vaults_three_branches,
          ontoclasm_vaults_decontamination, layout_vaults_omnicross
Vaults:5
Crypt:1:  layout_misc_corridors, uniq_mennas
Crypt:2:  layout_gridlike, pandoras_box_mu, uniq_khufu
Crypt:3:  lightli_unholy_cathedral, layout_chaotic_city,
          nicolae_tomb_entry_unfolded_pyramid_orthogonal, uniq_saint_roka
Depths:1: layout_small_grid, enter_ziggurat_b, hangedman_coc_ice_floe,
          mu_enter_wizlab_7, abyss_entry_flame_altar,
          minmay_the_grid_square_5x5_3x3_mashed
          [minmay_the_grid_square_5x5_six_small,
          minmay_the_grid_square_5x5_hollow_slash,
          minmay_the_grid_square_5x5_percent,
          minmay_the_grid_square_5x5_inverted_slash,
          minmay_the_grid_square_5x5_megaprize_diamond,
          minmay_the_grid_square_5x5_plus,
          minmay_the_grid_square_5x5_three_small,
          minmay_the_grid_square_5x5_shrine1,
          minmay_the_grid_square_5x5_doubleslash]
Depths:2: four-leaf_vault, layout_cave_pools, nrook_mini_backslash, hell_entry
Depths:3: dpeg_oklob_gauntlet, layout_cave_shapes, rand_demon_pan_entry_7,
          basic_altar, grunt_hell_entry_dis_grunt, serial_shops,
          nicolae_shop_window_shopping, abyss_entry, hangedman_aviary,
          kennysheep_random_hallway
Depths:4: kennysheep_gozag_temple, layout_cave_shapes,
          abyss_entry_small_statue_room, hell_entry, serial_shops,
          bzr_entry_customers, ebering_ghost_inner_flame,
          rand_demon_pan_entry_9, kennysheep_island_fort, minmay_shop_grove,
          firewood_loft
Depths:5: grunt_bruiser_brothers, layout_long_grid, hell_entry,
          serial_sigils_hangedman_gut, serial_sigils,
          serial_sigils_hangedman_gut, serial_sigils_hangedman_gut,
          serial_sigils_hangedman_quiver, serial_sigils_hangedman_quiver,
          serial_sigils_hangedman_stare, serial_sigils_hangedman_writhe

Skill      XL: |  1  2  3  4  5  6  7  8  9 10 11 12 13 14 15 16 17 18 19 20 21 22 23 24 25 |
---------------+----------------------------------------------------------------------------+-----
Stealth        | 1 2 4 5 6 8 11 12 14 17 20 22 23 25 | 25.3
Fighting       | 3 4 5 7 9 11 12 13 14 15 17 18 19 21 22 23 24 25 | 25.4
Short Blades   | 4 5 7 10 | 10.0
Armour         | 2 3 5 8 9 11 | 11.0
Shields        | 1 4 |  4.1
Dodging        | 6 9 10 12 14 15 17 19 21 | 21.3
Long Blades    | 2 8 11 13 | 13.0
Throwing       | 5 6 |  6.0
Evocations     | 4 8 |  8.0
Bows           | 5 11 | 11.4

Action                   |  1- 3 |  4- 6 |  7- 9 | 10-12 | 13-15 | 16-18 | 19-21 | 22-24 | 25-27 || total
-------------------------+-------+-------+-------+-------+-------+-------+-------+-------+-------++-------
Melee: Short sword       |    90 |    87 |       |       |       |       |       |       |       ||   177
       Bite              |     9 |    15 |    30 |    99 |   213 |   348 |   357 |   442 |   169 ||  1682
       Dagger            |    16 |    98 |   288 |   656 |   143 |    11 |       |       |       ||  1212
       Long sword        |       |       |       |    17 |  1177 |  1731 |   133 |       |       ||  3058
       Rapier            |       |       |       |     8 |       |    55 |    32 |       |       ||    95
       Quick blade       |       |       |       |       |       |   110 |   104 |    51 |       ||   265
       Double sword      |       |       |       |       |       |   111 |       |       |       ||   111
       Demon blade       |       |       |       |       |       |       |  1535 |  1862 |   616 ||  4013
       Unarmed           |       |       |       |       |       |       |       |     1 |       ||     1
 Fire: Longbow           |       |       |       |       |       |       |       |     6 |       ||     6
Throw: Dart              |       |       |       |    79 |       |       |       |       |       ||    79
       Boomerang         |       |       |       |       |     3 |    69 |    46 |    58 |     5 ||   181
Invok: Berserk           |     2 |     7 |    13 |    21 |    26 |     8 |       |       |       ||    77
       Trog's Hand       |       |     1 |     3 |    10 |    15 |    29 |    22 |    11 |     4 ||    95
       Brothers in Arms  |       |       |       |     4 |    15 |    13 |    22 |    12 |     3 ||    69
 Abil: Exsanguinate      |       |       |       |     1 |     1 |     3 |       |       |       ||     5
       Revivify          |       |       |       |     1 |     1 |     2 |       |       |       ||     4
       Bat Form          |       |       |       |       |       |       |       |     2 |     1 ||     3
       End Transformatio |       |       |       |       |       |       |       |     2 |       ||     2
       Evoke Flight      |       |       |       |       |       |       |       |     2 |       ||     2
       Stop Flying       |       |       |       |       |       |       |       |     1 |       ||     1
Evoke: Wand              |       |       |       |       |     1 |     1 |     5 |     1 |       ||     8
       Lamp of fire      |       |       |       |       |     1 |     1 |     1 |     2 |       ||     5
  Use: Scroll            |     5 |     2 |     5 |    10 |    21 |    10 |    12 |    18 |     2 ||    85
       Potion            |       |       |       |     1 |     2 |     1 |     3 |     7 |     2 ||    16
 Stab: Sleeping          |     5 |     5 |    23 |    33 |    58 |    44 |    57 |    59 |     3 ||   287
       Distracted        |       |       |     4 |     1 |    10 |     8 |     8 |    13 |     4 ||    48
       Invisible         |       |       |       |       |       |       |       |     4 |       ||     4
Armor: Animal skin       |    17 |       |       |       |       |       |       |       |       ||    17
       Scale mail        |       |    55 |    18 |       |       |       |       |       |       ||    73
       Chain mail        |       |     1 |       |       |       |       |       |       |       ||     1
       Leather armour    |       |       |    44 |   169 |   258 |       |       |       |       ||   471
       Fire dragon scale |       |       |       |       |    10 |   720 |   575 |   503 |   150 ||  1958
Dodge: Dodged            |    60 |    83 |   116 |   335 |   924 |   921 |   850 |  1155 |   468 ||  4912
Block: Buckler           |       |       |       |    57 |   285 |   443 |   383 |   411 |   221 ||  1800
       Rpst.: Long sword |       |       |       |     7 |   200 |   165 |    12 |       |       ||   384
       Double sword      |       |       |       |       |       |    14 |       |       |       ||    14
       Demon blade       |       |       |       |       |       |       |   133 |   233 |   102 ||   468

Table legend:
 A = Non-vault XP
 B = Vault XP
 C = Vault XP percentage of total XP
 D = Non-vault monster count
 E = Vault monster count
 F = Vault count percentage of total count
                 A         B        C        D         E       F
            +---------+---------+-------+---------+---------+-------
      Total |  681350 |  574516 |  45.7 |    1453 |     858 |  37.1
            +---------+---------+-------+---------+---------+-------
        D:1 |      26 |      11 |  29.7 |      14 |       4 |  22.2
        D:2 |     131 |       0 |   0.0 |      13 |       0 |   0.0
        D:3 |     222 |       0 |   0.0 |      32 |       0 |   0.0
        D:4 |     392 |      35 |   8.2 |      21 |       1 |   4.5
        D:5 |     567 |     270 |  32.3 |      25 |       4 |  13.8
        D:6 |     848 |       0 |   0.0 |      21 |       0 |   0.0
        D:7 |    1373 |       0 |   0.0 |      23 |       0 |   0.0
        D:8 |     853 |     445 |  34.3 |      16 |       1 |   5.9
        D:9 |    1741 |     989 |  36.2 |      22 |       7 |  24.1
       D:10 |    2479 |    8662 |  77.7 |      28 |      38 |  57.6
       D:11 |    4636 |     923 |  16.6 |      28 |      12 |  30.0
       D:12 |    5311 |    1112 |  17.3 |      19 |       1 |   5.0
       D:13 |    5635 |    2371 |  29.6 |      38 |       3 |   7.3
       D:14 |    9851 |    2313 |  19.0 |      36 |       6 |  14.3
       D:15 |   17362 |    2107 |  10.8 |      45 |       2 |   4.3
     Lair:1 |    6981 |     476 |   6.4 |      28 |       1 |   3.4
     Lair:2 |    1828 |    3646 |  66.6 |       7 |      10 |  58.8
     Lair:3 |    4876 |    3421 |  41.2 |      19 |      22 |  53.7
     Lair:4 |    3803 |    2692 |  41.4 |      13 |       3 |  18.8
     Lair:5 |    4216 |    5731 |  57.6 |      15 |      18 |  54.5
     Lair:6 |    9477 |    9238 |  49.4 |      30 |      48 |  61.5
   Shoals:1 |    8037 |    2788 |  25.8 |      15 |       6 |  28.6
   Shoals:2 |   22884 |    1197 |   5.0 |      47 |       2 |   4.1
   Shoals:3 |   15601 |    6789 |  30.3 |      34 |      10 |  22.7
   Shoals:4 |    2502 |   15290 |  85.9 |       5 |      23 |  82.1
    Snake:1 |   10669 |    1606 |  13.1 |      21 |       3 |  12.5
    Snake:2 |    8347 |    7796 |  48.3 |      21 |      10 |  32.3
    Snake:3 |   23952 |    2903 |  10.8 |      39 |       4 |   9.3
    Snake:4 |   17278 |   34703 |  66.8 |      33 |      59 |  64.1
      Orc:1 |    3941 |       0 |   0.0 |      37 |       0 |   0.0
      Orc:2 |    5016 |   13030 |  72.2 |      41 |      73 |  64.0
      Elf:1 |   10150 |   11327 |  52.7 |      22 |      21 |  48.8
      Elf:2 |   20212 |   29362 |  59.2 |      33 |      32 |  49.2
      Elf:3 |   14294 |   31808 |  69.0 |      24 |      24 |  50.0
   Vaults:1 |   39672 |   22665 |  36.4 |      72 |      42 |  36.8
   Vaults:2 |   33319 |   18726 |  36.0 |      56 |      15 |  21.1
   Vaults:3 |   29237 |   41737 |  58.8 |      52 |      53 |  50.5
   Vaults:4 |   13071 |   43137 |  76.7 |      22 |      58 |  72.5
   Vaults:5 |   46931 |   86251 |  64.8 |      60 |      69 |  53.5
    Crypt:1 |   23820 |   19948 |  45.6 |      34 |       3 |   8.1
    Crypt:2 |   42909 |    5419 |  11.2 |      53 |       6 |  10.2
    Crypt:3 |   20827 |   21848 |  51.2 |      27 |      38 |  58.5
   Depths:1 |   38864 |   19021 |  32.9 |      55 |      15 |  21.4
   Depths:2 |   39388 |   23791 |  37.7 |      46 |      20 |  30.3
   Depths:3 |   50812 |   22641 |  30.8 |      58 |      21 |  26.6
   Depths:4 |   32488 |   17529 |  35.0 |      31 |      16 |  34.0
   Depths:5 |   24521 |   18602 |  43.1 |      22 |      15 |  40.5
      IceCv |       0 |    6161 | 100.0 |       0 |      27 | 100.0
   Gauntlet |       0 |    3999 | 100.0 |       0 |      12 | 100.0
            +---------+---------+-------+---------+---------+-------
